 Dungeon Crawl Stone Soup version 0.24-a0-725-gf1a930fc54 (webtiles) character file.

Game seed: 792286492009710125, levelgen mode: deterministic

342 MalarOregon the Cutter (level 6, -3/46 HPs)
             Began as a Draconian Enchanter on Oct 1, 2019.
             Slain by a phantom (8 damage)
             ... on level 4 of the Dungeon.
             The game lasted 00:07:50 (4516 turns).

MalarOregon the Cutter (Draconian Enchanter)        Turns: 4516, Time: 00:07:50

Health: -3/46      AC:  7    Str: 10    XL:     6   Next: 30%
Magic:  2/9        EV: 12    Int: 17    God:
Gold:   228        SH:  0    Dex: 12    Spells: 6/9 levels left

rFire    . . .     SeeInvis .   a - +0 dagger (venom)
rCold    . . .     Gourm    +   (no shield)
rNeg     . . .     Faith    .   (armour unavailable)
rPois    .         Spirit   .   (helmet restricted)
rElec    .         Reflect  .   (no cloak)
rCorr    .         Harm     .   B - +0 pair of gloves
MR       .....                  (no boots)
Stlth    ++++......             m - amulet of the gourmand
HPRegen  0.15/turn              y - ring of stealth
MPRegen  0.11/turn              s - ring of stealth

@: very slightly contaminated
A: unfitting armour, cold-blooded, AC +6
a: no special abilities


You were on level 4 of the Dungeon.
You were very full.

You visited 1 branch of the dungeon, and saw 4 of its levels.

You collected 228 gold pieces.

Inventory:

Hand Weapons
 a - a +0 dagger of venom (weapon)
   (You took it off a kobold on level 3 of the Dungeon)
 b - a +0 falchion
   (You took it off Terence on level 2 of the Dungeon)
 x - a +1 dagger
Missiles
 A - 13 poisoned darts (quivered)
Armour
 B - a +0 pair of gloves (worn)
   (You found it on level 3 of the Dungeon)
Jewellery
 m - an amulet of the gourmand (around neck)
   (You found it on level 2 of the Dungeon)
 p - an uncursed ring of poison resistance
   (You found it on level 2 of the Dungeon)
 s - a ring of stealth (right hand)
   (You found it on level 2 of the Dungeon)
 y - a ring of stealth (left hand)
   (You found it on level 2 of the Dungeon)
 D - an uncursed amulet of faith {unknown}
   (You found it on level 4 of the Dungeon)
Wands
 t - a wand of flame (18)
   (You found it on level 3 of the Dungeon)
Scrolls
 c - 2 scrolls of remove curse {unknown}
 f - 3 scrolls of teleportation {unknown}
 g - a scroll of fog {unknown}
 h - a scroll of random uselessness {unknown}
 i - 2 scrolls of magic mapping {unknown}
 k - a scroll of enchant armour {unknown}
 r - a scroll of blinking {unknown}
 u - a scroll of identify {unknown}
 v - 3 scrolls of enchant weapon {unknown}
 w - a scroll of fear {unknown}
Potions
 d - a potion of curing {unknown}
 j - 2 potions of haste {unknown}
 l - a potion of lignification {unknown}
 n - a potion of mutation {unknown}
 o - 2 potions of berserk rage {unknown}
 q - 2 potions of heal wounds {unknown}
 z - a potion of degeneration {unknown}
 E - 2 potions of invisibility {unknown}
Comestibles
 e - 8 rations {!d}


   Skills:
 - Level 0.7 Fighting
 + Level 6.2 Short Blades
 - Level 1.9 Dodging
 - Level 2.7 Stealth
 - Level 2.1 Spellcasting
 - Level 2.7 Hexes


You had 6 spell levels left.
You knew the following spells:

 Your Spells              Type           Power        Failure   Level  Hunger
a - Corona                Hex            ##.....      6%          1    #......
x - Ensorcelled Hibernat  Hex/Ice        #.....       17%         2    ###....

Your spell library contained the following spells:

 Spells                   Type           Power        Failure   Level  Hunger
 Confuse                  Hex            ##......     19%         3    ###....
 Tukima's Dance           Hex            ##......     19%         3    ###....
 Dazzling Spray           Conj/Hex       #.....       32%         3    ###....


Dungeon Overview and Level Annotations

Branches:
Dungeon (4/15)
 Temple: D:4-7

Altars:


Innate Abilities, Weirdness & Mutations

Your plain brown scales are hard. (AC +6)
You cannot fit into any form of body armour.
You are cold-blooded and may be slowed by cold attacks.


Message History

The phantom closely misses you.
You barely miss the phantom. The phantom barely misses you.
You riposte.
You closely miss the phantom. You slash the phantom!
The phantom blinks!
You barely miss the phantom. The phantom hits you.
* * * LOW HITPOINT WARNING * * *
The phantom blinks!
The phantom blinks!
The phantom blinks!
The phantom blinks!
You start resting.
The phantom is too close now for your liking.
You hit the phantom but do no damage.
Your tail-slap misses the phantom.
The phantom blinks!
The phantom blinks!
A worker ant comes into view.
The phantom blinks!
The worker ant twitches its antennae in your direction.
You hit the phantom but do no damage.
Your tail-slap misses the phantom.
The phantom hits you but does no damage.
You closely miss the phantom. The phantom hits you.
* * * LOW HITPOINT WARNING * * *
The phantom blinks!
Your +0 dagger of venom begins to drip with poison!
a - a +0 dagger of venom (weapon)
Aim: a worker ant (chance to defeat MR: 47%)
Okay, then.
Aim: a worker ant (chance to defeat MR: 47%)
The worker ant resists with some effort.
The phantom blinks!
Aim: a worker ant (chance to defeat MR: 47%)
The worker ant resists with some effort.
The worker ant completely misses you. The worker ant barely misses you.
Aim: a worker ant (chance to defeat MR: 47%)
You miscast Ensorcelled Hibernation.
You are very lightly contaminated with residual magic.
The light around you dims momentarily. The worker ant misses you.
Aim: a worker ant (chance to defeat MR: 47%)
The worker ant resists with some effort.
The phantom blinks!
The worker ant misses you.
You don't have enough magic to cast that spell.
You hit the worker ant but do no damage.
The worker ant is poisoned.
The phantom blinks!
The worker ant bites you but does no damage.
The phantom closely misses you. The worker ant completely misses you.
You feel a bit more experienced. The phantom hits you.
* * * LOW HITPOINT WARNING * * *
You hit the phantom. The phantom hits you!
You die...

#..#.###..........#
###.##..............#
#...##...#..........# .
.......#.######.#######..
.......#...#....###......
......................... .##
.........##.#####.....## ..#
...÷...#.....# ##.##### #.##.#
.....))###.#.###@.# ...##.#
.......###.#.#..W## #..# #.#
....##.....#...#.# ####..# #.#
##.............†.####.....# #.##
##......>...........#.....# #..#
...###.)...##.............# ##.#
#....#....)...............####.#
###............................##
##...#..........................#


You could see a phantom.

Vanquished Creatures
  3 orc wizards
  An orc priest (D:3)
  Terence (D:2)
  2 worker ants (D:4)
  8 adders
  5 worms
  A leopard gecko (D:3)
  8 orcs
  3 ball pythons
  8 bats
  4 giant cockroaches
  4 goblins
  9 hobgoblins
  4 kobolds
  3 quokkas (D:2)
  5 frilled lizards
  5 rats
  A plant (D:1)
75 creatures vanquished.

Notes
Turn   | Place    | Note
-------+----------+-------------------------------------------
     0 | D:1      | MalarOregon the Draconian Enchanter began the quest for the
                  | Orb.
     0 | D:1      | Reached XP level 1. HP: 14/14 MP: 3/3
   263 | D:1      | Reached XP level 2. HP: 14/22 MP: 5/5
  1178 | D:1      | Reached skill level 2 in Short Blades
  1465 | D:2      | Reached XP level 3. HP: 27/27 MP: 6/6
  1593 | D:2      | Learned a level 2 spell: Ensorcelled Hibernation
  1787 | D:2      | Reached skill level 3 in Short Blades
  1858 | D:2      | Noticed Terence
  1907 | D:2      | Killed Terence
  1907 | D:2      | Reached XP level 4. HP: 19/34 MP: 1/7
  2471 | D:2      | Reached skill level 4 in Short Blades
  3124 | D:3      | Reached XP level 5. HP: 24/39 MP: 8/8
  3465 | D:3      | Reached skill level 5 in Short Blades
  4220 | D:4      | Reached XP level 6. HP: 41/46 MP: 2/9
  4384 | D:4      | Reached skill level 6 in Short Blades
  4516 | D:4      | Slain by a phantom

Levels and vault maps discovered:
D:1:      psy_arrival_fountain, layout_basic, serial_forest,
          infiniplex_forest_straight_4, infiniplex_forest_fountain,
          infiniplex_forest_clump_cross, infiniplex_forest_pool,
          infiniplex_forest_clump_curved, infiniplex_forest_end_1,
          infiniplex_forest_clump_long, infiniplex_forest_diagonal,
          infiniplex_forest_end_2
D:2:      layout_basic, minivault_26, uniq_terence
D:3:      layout_loops_ring, minivault_25, wad_floor_pattern_untrapped
D:4:      layout_rooms, minmay_circle_x

Skill      XL: |  1  2  3  4  5  6 |
---------------+-------------------+-----
Short Blades   | 2 3 4 5 6 |  6.2
Fighting       | |  0.7
Dodging        | |  1.9
Stealth        | |  2.7
Spellcasting   | |  2.1
Hexes          | |  2.7

Action                   |  1- 3 |  4- 6 || total
-------------------------+-------+-------++-------
Melee: Dagger            |   362 |   170 ||   532
       Tailslap          |    52 |    18 ||    70
       Falchion          |       |    35 ||    35
 Cast: Corona            |     6 |       ||     6
       Ensorcelled Hiber |     7 |    12 ||    19
 Stab: Sleeping          |     3 |    17 ||    20
  Eat: Chunk             |     4 |    20 ||    24
Armor: Skin              |    38 |    33 ||    71
Dodge: Dodged            |    92 |   118 ||   210
       Rpst.: Falchion   |       |     6 ||     6

Table legend:
 A = Non-vault XP
 B = Vault XP
 C = Vault XP percentage of total XP
 D = Non-vault monster count
 E = Vault monster count
 F = Vault count percentage of total count
                 A         B        C        D         E       F
            +---------+---------+-------+---------+---------+-------
      Total |     418 |      71 |  14.5 |      71 |       3 |   4.1
            +---------+---------+-------+---------+---------+-------
        D:1 |      35 |       0 |   0.0 |      15 |       0 |   0.0
        D:2 |      96 |      36 |  27.3 |      24 |       1 |   4.0
        D:3 |     164 |       0 |   0.0 |      24 |       0 |   0.0
        D:4 |     123 |      35 |  22.2 |       8 |       2 |  20.0
            +---------+---------+-------+---------+---------+-------
